 Dungeon Crawl Stone Soup version 0.22-a0-571-g4a923d4 (webtiles) character file.

595 iamserjio the Shield-Bearer (level 7, -4/66 HPs)
             Began as a Gargoyle Fighter on July 1, 2018.
             Was a Follower of Trog.
             Slain by a gnoll
             ... wielding a +3 halberd
              (11 damage)
             ... on level 4 of the Dungeon.
             The game lasted 00:06:08 (648 turns).

iamserjio the Shield-Bearer (Gargoyle Fighter)       Turns: 648, Time: 00:06:09

Health: -4/66      AC: 11    Str: 24    XL:     7   Next: 40%
Magic:  7/7        EV:  7    Int:  9    God:    Trog [*.....]
Gold:   58         SH: 10    Dex: 11    Spells: 6/6 levels left

rFire    . . .     SeeInvis .   a - +0 war axe
rCold    . . .     Gourm    .   c - +0 shield
rNeg     + . .     Faith    .   b - +0 scale mail
rPois    ∞         Spirit   .   (no helmet)
rElec    +         Reflect  .   (no cloak)
rCorr    .         Harm     .   (no gloves)
MR       .....                  (no boots)
Stlth    ..........             (no amulet)
HPRegen  0.21/turn              (no ring)
MPRegen  0.10/turn              (no ring)

@: berserking, drained, very quick
A: negative energy resistance 1, electricity resistance, unbreathing,
petrification resistance, rot immunity, AC +4
a: Berserk, Renounce Religion


You were on level 4 of the Dungeon.
You worshipped Trog.
Trog was aware of your devotion.
You were hungry.

You visited 1 branch of the dungeon, and saw 4 of its levels.

You collected 58 gold pieces.

Inventory:

Hand Weapons
 a - a +0 war axe (weapon)
Armour
 b - a +0 scale mail (worn)
 c - a +0 shield (worn)
Jewellery
 j - an uncursed amulet of harm
Scrolls
 k - a scroll of teleportation {unknown}
 p - a scroll of enchant weapon {unknown}
Potions
 d - a potion of brilliance
 e - a potion of flight {unknown}
 g - a potion of berserk rage {unknown}
 i - a potion of agility {unknown}
 m - a potion of haste {unknown}
 n - a potion of magic {unknown}
 o - a potion of lignification {unknown}
Comestibles
 f - a ration
 h - a chunk of flesh


   Skills:
 + Level 5.1(4.2) Fighting
 * Level 5.0(4.0) Axes
 - Level 4.1(3.2) Armour
 + Level 5.1(4.2) Shields


You had 6 spell levels left.
You didn't know any spells.
Your spell library was empty.

Dungeon Overview and Level Annotations

Branches:
Dungeon (4/15)
 Temple: D:4-7

Altars:
Dithmenos
Trog

Shops:
D:4 *


Innate Abilities, Weirdness & Mutations

You are resistant to torment.
Your stone body is resilient. (AC +4)
You are immune to poison.
You resist negative energy. (rN+)
You are resistant to electric shocks. (rElec)
You can survive without breathing.
You are immune to petrification.
You are immune to rotting.


Message History

You slash the gnoll!
The gnoll is heavily wounded.
The gnoll hits you but does no damage.
You slash the gnoll!
The gnoll is heavily wounded.
You slash the gnoll!
You kill the gnoll!
Trog accepts your kill.
Your base Axes skill increases to level 5!
The gnoll hits you but does no damage.
The gnoll hits you from afar with an enchanted halberd.
* * * LOW HITPOINT WARNING * * *
You closely miss the gnoll.
The gnoll is heavily wounded.
You block the gnoll's attack.
You slash the gnoll!
You kill the gnoll!
Trog accepts your kill.
The gnoll hits you from afar with an enchanted halberd!
You die...

## #+# .+ #.# ..#
#.# gg.# #?###g##
#......# #......#
#.##################
#.#@..........#....#
#g))..........)))).)
#+#...........#..))#
#############''''#
............
≈≈≈≈≈≈≈....≈
≈≈≈≈≈≈≈..(.≈
≈≈≈≈≈≈≈....≈
............


You could see a gnoll.

Vanquished Creatures
  Sigmund (D:2)
  A phantom (D:4)
  A hound (D:4)
  An orc priest (D:3)
  2 orc wizards
  A worker ant (D:4)
  13 gnolls (D:4)
  4 adders
  A dart slug (D:1)
  A leopard gecko (D:2)
  7 orcs
  2 giant cockroaches (D:2)
  A goblin (D:3)
  3 hobgoblins
  6 jackals
  A quokka (D:4)
  A ball python (D:3)
  2 bats
  A frilled lizard (D:2)
  A kobold (D:2)
  4 rats
55 creatures vanquished.

Notes
Turn   | Place    | Note
-------+----------+-------------------------------------------
     0 | D:1      | iamserjio the Gargoyle Fighter began the quest for the Orb.
     0 | D:1      | Reached XP level 1. HP: 14/14 MP: 1/1
    68 | D:2      | Found a shadowy altar of Dithmenos.
   146 | D:2      | Reached XP level 2. HP: 15/19 MP: 2/2
   163 | D:3      | Reached XP level 3. HP: 19/23 MP: 3/3
   179 | D:2      | Noticed Sigmund
   189 | D:2      | Killed Sigmund
   189 | D:2      | Reached XP level 4. HP: 5/29 MP: 4/4
   189 | D:2      | Reached XP level 5. HP: 5/33 MP: 5/5
   193 | D:2      | Found a bloodstained altar of Trog.
   200 | D:2      | Became a worshipper of Trog the Wrathful
   331 | D:3      | Reached XP level 6. HP: 29/39 MP: 6/6
   408 | D:4      | Noticed a phantom
   468 | D:4      | Found Luumun's General Store.
   502 | D:4      | Killed a phantom
   542 | D:4      | Reached * piety under Trog
   544 | D:4      | Reached XP level 7. HP: 29/44 MP: 7/7
   569 | D:4      | Reached skill level 5 in Fighting
   569 | D:4      | Reached skill level 5 in Shields
   646 | D:4      | Reached skill level 5 in Axes
   648 | D:4      | Slain by a gnoll

Vault maps used:
D:1:      dpeg_arrival_erosion
D:2:      bloody_trog, grunt_dithmenos_smoke, minivault_27, uniq_sigmund,
          uniq_crazy_yiuf_cottage
D:3:      makhleb_blood_cavern_becter, uniq_terence
D:4:      lemuel_castle_with_subvaults, lemuel_doored_altar,
          nicolae_ru_awakened_eye, serial_shops, kennysheep_little_box,
          small_statue_intersection

Skill      XL: |  1  2  3  4  5  6  7 |
---------------+----------------------+-----
Axes           | 2 3 4 5 |  5.0
Fighting       | 4 5 |  5.1
Armour         | 4 |  4.1
Shields        | 4 5 |  5.1

Action                   |  1- 3 |  4- 6 |  7- 9 || total
-------------------------+-------+-------+-------++-------
Melee: War axe           |    37 |   117 |    53 ||   207
Invok: Berserk           |       |       |     2 ||     2
  Use: Potion            |     1 |     3 |     2 ||     6
  Eat: Chunk             |       |       |     1 ||     1
Armor: Scale mail        |    15 |    75 |    55 ||   145
Dodge: Dodged            |    11 |    43 |    33 ||    87
Block: Shield            |    19 |    55 |    48 ||   122

Table legend:
 A = Spawn XP
 B = Non-spawn XP
 C = Spawn XP percentage of total XP
 D = Spawn monster count
 E = Non-spawn monster count
 F = Spawn count percentage of total count
 G = Total turns spent on level
                    A         B        C        D         E        F      G
               +---------+---------+-------+---------+---------+-------+---------
         Total |       0 |     850 |   0.0 |       0 |      55 |   0.0 |   648
               +---------+---------+-------+---------+---------+-------+---------
           D:1 |       0 |       5 |   0.0 |       0 |       2 |   0.0 |    80
           D:2 |       0 |     268 |   0.0 |       0 |      14 |   0.0 |   214
           D:3 |       0 |     114 |   0.0 |       0 |      12 |   0.0 |    98
           D:4 |       0 |     463 |   0.0 |       0 |      27 |   0.0 |   256
               +---------+---------+-------+---------+---------+-------+---------
